 Dungeon Crawl Stone Soup version 0.28.0-43-g3370ac3207 (webtiles) character file.

Game seed: 1035563959298401763

740 RascalDebosk the Skirmisher (level 7, -11/93 HPs)
             Began as a Minotaur Berserker on Mar 29, 2022.
             Was a Believer of Trog.
             Mangled by a two-headed ogre
             ... wielding a +0 giant spiked club
              (25 damage)
             ... on level 4 of the Dungeon.
             The game lasted 00:26:49 (3346 turns).

RascalDebosk the Skirmisher (Minotaur Berserker)    Turns: 3346, Time: 00:26:49

Health: -11/93     AC:  6    Str: 24    XL:     7   Next: 46%
Magic:  6/6        EV: 11    Int:  4    God:    Trog [**....]
Gold:   116        SH:  0    Dex:  9    Spells: 6/6 levels left

rFire   + . .      SeeInvis .   a - +0 hand axe
rCold   . . .      Faith    .   (no shield)
rNeg    . . .      Spirit   .   f - +0 ring mail
rPois   .          Reflect  .   (helmet restricted)
rElec   .          Harm     .   (no cloak)
rCorr   +          Rampage  .   (no gloves)
Will    .....                   (no boots)
Stlth   ..........              (no amulet)
HPRegen 0.25/turn               i - ring of resist corrosion
MPRegen 0.10/turn               r - ring of protection from fire

@: berserking, very quick
A: horns 2, retaliatory headbutt
a: Renounce Religion, Berserk, Trog's Hand


You were on level 4 of the Dungeon.
You worshipped Trog.
Trog was pleased with you.
You visited 1 branch of the dungeon, and saw 4 of its levels.

You collected 116 gold pieces.

Inventory:

Hand Weapons
 a - a +0 hand axe (weapon)
Missiles
 d - 79 stones
 j - a throwing net
 o - 6 poisoned darts (quivered)
 s - 15 boomerangs
Armour
 f - a +0 ring mail (worn)
 v - a +0 chain mail
Jewellery
 i - a ring of resist corrosion (left hand)
 r - a ring of protection from fire (right hand)
Wands
 b - a wand of polymorph (12)
Scrolls
 c - 3 scrolls of teleportation {unknown}
 e - 4 scrolls of blinking {unknown}
 g - 4 scrolls of noise {unknown}
 h - a scroll of identify {unknown}
 m - a scroll of amnesia {unknown}
 t - a scroll of torment {unknown}
 w - a scroll of enchant armour {unknown}
Potions
 k - a potion of curing {unknown}
 l - a potion of cancellation {unknown}
 n - a potion of brilliance {unknown}
 p - a potion of lignification {unknown}
 q - 2 potions of degeneration {unknown}
 u - a potion of heal wounds {unknown}


   Skills:
 + Level 5.8 Fighting
 + Level 5.7 Axes
 + Level 3.2 Throwing
 + Level 5.1 Armour
 - Level 2.6 Dodging
 + Level 2.8 Evocations


You had 6 spell levels left.
You didn't know any spells.
Your spell library was empty.

Dungeon Overview and Level Annotations

Branches:
Dungeon (4/15)
 Temple: D:4-7

Altars:
Dithmenos
Uskayaw


Innate Abilities, Weirdness & Mutations

You have a pair of horns on your head.
You reflexively headbutt those who attack you in melee.


Message History

The white imp is almost dead.
The white imp gestures at you. The puff of frost misses you.
You closely miss the white imp. You headbutt the white imp.
You kill the white imp!
Trog accepts your kill.
o - 6 poisoned darts (gained 1)
A two-headed ogre comes into view.
It is wielding a +0 giant spiked club and a +0 giant club.
You see here a poisoned dart.
You see here a poisoned dart.
You see here 5 poisoned darts.
A red film seems to cover your vision as you go berserk!
You feel yourself moving faster!
You feel mighty!
A two-headed ogre is nearby!
A two-headed ogre is nearby!
A two-headed ogre is nearby!
A two-headed ogre is nearby!
A two-headed ogre is nearby!
A two-headed ogre is nearby!
A two-headed ogre is nearby!
A two-headed ogre is nearby!
A two-headed ogre is nearby!
A two-headed ogre is nearby!
A two-headed ogre is nearby!
You hit the two-headed ogre but do no damage.
The two-headed ogre hits you with a +0 giant spiked club!!
The two-headed ogre hits you with a +0 giant club!
You barely miss the two-headed ogre. You slash the two-headed ogre!
You headbutt the two-headed ogre!
The two-headed ogre is moderately wounded.
The two-headed ogre hits you with a +0 giant spiked club!!
* * * LOW HITPOINT WARNING * * *
The two-headed ogre barely misses you.
You barely miss the two-headed ogre. You headbutt the two-headed ogre.
The two-headed ogre is heavily wounded.
You slash the two-headed ogre!
The two-headed ogre is heavily wounded.
The two-headed ogre barely misses you.
The two-headed ogre hits you with a +0 giant club!!
You die...

#.#.#...##.......#
#.#.#...##.......#
..#####.#.#...##.......#
..............##.......#
..#####(#.#...###...####
#(#...........##
#######(###...##.....###
.......O................
#####..@###....#.....###
#.### #.(..#.......) ...
####.......... ####
##.....÷).. #...≈..###
##..≈..# #..≈.## ##.≈.#
#...#


You could see a two-headed ogre.

Vanquished Creatures
  Grinder (D:3)
  Sigmund (D:3)
  An ogre (D:4)
  2 orc priests (D:3)
  Natasha (thrice) (D:3)
  An orc wizard (D:3)
  4 adders
  A white imp (D:4)
  An ufetubus (D:4)
  6 dart slugs
  7 orcs
  5 endoplasms
  A giant cockroach (D:1)
  5 goblins
  11 hobgoblins
  2 quokkas (D:2)
  8 ball pythons
  9 bats
  A frilled lizard (D:2)
  3 kobolds (D:3)
  10 rats
  8 bushes (D:4)
91 creatures vanquished.

Vanquished Creatures (others)
  5 fungi (D:1)
5 creatures vanquished.

Grand Total: 96 creatures vanquished

Notes
Turn   | Place    | Note
-------+----------+-------------------------------------------
     0 | D:1      | RascalDebosk the Minotaur Berserker began the quest for the
                  | Orb.
     0 | D:1      | Reached XP level 1. HP: 19/19 MP: 0/0
   176 | D:1      | Reached XP level 2. HP: 25/27 MP: 1/1
   179 | D:1      | Found a faded altar of an unknown god.
   479 | D:1      | Reached XP level 3. HP: 30/33 MP: 2/2
   493 | D:1      | Reached ** piety under Trog
  1049 | D:2      | Reached skill level 1 in Throwing
  1192 | D:2      | Reached XP level 4. HP: 40/40 MP: 3/3
  1591 | D:3      | Found a shadowy altar of Dithmenos.
  1619 | D:3      | Noticed Grinder
  1637 | D:3      | Killed Grinder
  1638 | D:3      | Reached skill level 5 in Fighting
  1638 | D:3      | Reached skill level 1 in Evocations
  1638 | D:3      | Reached XP level 5. HP: 48/48 MP: 4/4
  1638 | D:3      | Reached XP level 6. HP: 56/56 MP: 5/5
  1654 | D:3      | Noticed Sigmund
  1654 | D:3      | Noticed Natasha
  1660 | D:3      | Killed Natasha
  1664 | D:3      | Killed Sigmund
  1665 | D:3      | Reached skill level 5 in Axes
  1901 | D:3      | Reached XP level 7. HP: 61/61 MP: 6/6
  2102 | D:3      | Noticed Natasha
  2113 | D:3      | Killed Natasha
  2574 | D:3      | Noticed Natasha
  2583 | D:3      | Killed Natasha
  2787 | D:4      | Reached skill level 5 in Armour
  3027 | D:4      | Found a hide-covered altar of Uskayaw.
  3034 | D:4      | Noticed Eustachio
  3035 | D:4      | Noticed Eustachio
  3035 | D:4      | Eustachio changed into Eustachio the dart slug
  3047 | D:4      | Killed Eustachio the dart slug
  3334 | D:4      | Noticed a two-headed ogre
  3346 | D:4      | Mangled by a two-headed ogre

Illustrated notes

Levels and vault maps discovered:
D:1:      dpeg_arrival_prison, layout_rooms, ebering_ecumenical_altar_rust
D:2:      layout_rooms, grunt_ministairs_5
D:3:      layout_loops_ring, nicolae_dithmenos_through_a_glass_darkly,
          amcnicky_mini_corridor_feature, uniq_sigmund, uniq_natasha,
          uniq_grinder
D:4:      layout_basic, mainiacjoe_overflow_boulevard, abandoned_shop,
          uniq_duvessa, uniq_eustachio

Skill      XL: |  1  2  3  4  5  6  7 |
---------------+----------------------+-----
Fighting       | 4 5 |  5.8
Axes           | 4 5 |  5.7
Armour         | 3 4 5 |  5.1
Throwing       | 1 2 3 |  3.2
Evocations     | 1 2 |  2.8
Dodging        | |  2.6

Action                   |  1- 3 |  4- 6 |  7- 9 || total
-------------------------+-------+-------+-------++-------
Melee: Hand axe          |    88 |    53 |   416 ||   557
       Headbutt          |    12 |     6 |   167 ||   185
       Punch             |       |       |    10 ||    10
Throw: Stone             |     1 |       |       ||     1
       Dart              |       |       |    15 ||    15
       Boomerang         |       |       |     3 ||     3
Invok: Berserk           |       |     3 |     3 ||     6
       Trog's Hand       |       |     2 |     1 ||     3
Evoke: Wand              |       |       |     1 ||     1
 Stab: Sleeping          |     1 |       |       ||     1
Armor: Animal skin       |     9 |       |       ||     9
       Ring mail         |    24 |    17 |    11 ||    52
Dodge: Dodged            |    45 |    34 |    23 ||   102
